 Dungeon Crawl Stone Soup version 0.20-a0-870-g4070442 (webtiles) character file.

159 polly the Insei (level 5, 0/39 HPs)
             Began as a Demonspawn Gladiator on Mar 14, 2017.
             Slain by a goblin
             ... wielding a +0 club
              (1 damage)
             ... on level 3 of the Dungeon.
             The game lasted 00:02:20 (2326 turns).

polly the Insei (Demonspawn Gladiator)              Turns: 2326, Time: 00:02:20

Health: 0/39       AC: 13    Str: 15    XL:     5   Next: 17%
Magic:  5/5        EV: 11    Int:  9    God:
Gold:   57         SH:  0    Dex: 15    Spells: 4/4 levels left

rFire    . . .     SeeInvis .     - Unarmed
rCold    + . .     Gourm    .   s - +0 scale mail
rNeg     . . .     Faith    .   (no shield)
rPois    .         Spirit   .   b - +0 helmet
rElec    .         Reflect  .   (no cloak)
rCorr    .         Harm     .   (no gloves)
MR       .....                  (no boots)
Stlth    +.........             (no amulet)
Regen    0.2/turn               (no ring)
MPRegen  0.1/turn               (no ring)

@: sanguine armour
A: cold resistance 1, sanguine armour 1
a: no special abilities


You were on level 3 of the Dungeon.
You were hungry.

You visited 1 branch of the dungeon, and saw 3 of its levels.

You collected 57 gold pieces.

Inventory:

Hand Weapons
 j - a +0 whip of holy wrath
Missiles
 c - 3 throwing nets (quivered)
Armour
 b - a +0 helmet (worn)
 s - a +0 scale mail (worn)
Wands
 p - a wand of scattershot (1/9)
Scrolls
 g - a scroll of amnesia {unknown}
 i - 2 scrolls of enchant armour {unknown}
 k - a scroll of fog {unknown}
 l - a scroll of identify {unknown}
 m - a scroll of recharging {unknown}
 n - a scroll of teleportation {unknown}
 r - a scroll of blinking {unknown}
Potions
 e - 3 potions of curing {unknown}
 h - a potion of haste {unknown}
 o - a potion of heal wounds {unknown}
Comestibles
 d - 2 bread rations
 f - 4 fruits
 q - a meat ration


   Skills:
 + Level 2.3 Fighting
 + Level 2.0 Throwing
 + Level 1.5 Armour
 + Level 3.3 Dodging
 + Level 1.7 Stealth
 + Level 3.9 Unarmed Combat


You had 4 spell levels left.
You didn't know any spells.

Dungeon Overview and Level Annotations

Branches:
Dungeon (3/15)

Altars:


Innate Abilities, Weirdness & Mutations

Your flesh is cold resistant. (rC+)
When seriously injured, your bleeding wounds create armour. (AC +6)


Message History

Found a leather armour.
The goblin hits you but does no damage.
The jackal bites you but does no damage.
A quokka comes into view.
The jackal bites you but does no damage.
The quokka closely misses you.
The jackal bites you but does no damage.
The quokka closely misses you.
The jackal bites you but does no damage.
The quokka bites you but does no damage.
The quokka barely misses you.
You hit the jackal.
You kill the jackal!
The quokka closely misses you.
You closely miss the goblin. The quokka bites you.
* * * LOW HITPOINT WARNING * * *
The goblin hits you but does no damage.
You barely miss the goblin. The quokka closely misses you.
You completely miss the goblin. The goblin hits you with a club.
You die...

....<..........#
..######.......#
#####...########
#..........#
#..........#
##..[.......#
#...........#
#.##..rg....#
#.. #..@.....#
#.# #........#
.. #........#
#........#
#........#
##########


You could see a quokka and a goblin.

Vanquished Creatures
  A wyvern skeleton (D:3)
  2 adders (D:2)
  2 worms (D:2)
  5 dart slugs
  A leopard gecko (D:2)
  7 bats
  A giant cockroach (D:1)
  11 goblins
  8 hobgoblins
  7 jackals
  A quokka (D:2)
  5 frilled lizards
  9 kobolds
  4 rats
64 creatures vanquished.

Notes
Turn   | Place    | Note
-------+----------+-------------------------------------------
     0 | D:1      | polly the Demonspawn Gladiator began the quest for the Orb.
     0 | D:1      | Reached XP level 1. HP: 16/16 MP: 1/1
   311 | D:1      | Gained mutation: Your flesh is cold resistant. (rC+) [demonic ancestry]
   311 | D:1      | Reached XP level 2. HP: 18/22 MP: 2/2
  1034 | D:1      | Gained mutation: When seriously injured, your bleeding wounds create armour. (AC +6) [demonic ancestry]
  1034 | D:1      | Reached XP level 3. HP: 27/27 MP: 3/3
  1161 | D:1      | Reached skill level 1 in Armour
  1491 | D:2      | Reached skill level 1 in Stealth
  1648 | D:2      | Reached XP level 4. HP: 30/33 MP: 4/4
  2308 | D:3      | HP: 1/34 [wyvern skeleton (9)]
  2309 | D:3      | Reached XP level 5. HP: 1/39 MP: 5/5
  2324 | D:3      | HP: 1/39 [quokka (2)]
  2326 | D:3      | Slain by a goblin

Vault maps used:
D:1:      evilmike_arrival_fibonacci_small, minivault_24
D:2:      minmay_tall_x
D:3:      nicolae_overflow_crystal_walls, minmay_crystal_room

Skill      XL: |  1  2  3 |
---------------+----------+-----
Throwing       | 2 |  2.0
Unarmed Combat | 3 |  3.9
Dodging        | 3 |  3.3
Armour         | 1 |  1.5
Stealth        | 1 |  1.7
Fighting       | |  2.3

Action                   |  1- 3 |  4- 6 || total
-------------------------+-------+-------++-------
Melee: Unarmed           |   187 |    91 ||   278
       Punch             |     3 |     1 ||     4
 Stab: Sleeping          |     4 |     1 ||     5
  Eat: Chunk             |     2 |     2 ||     4
Armor: Leather armour    |    49 |    15 ||    64
       Scale mail        |       |    12 ||    12
Dodge: Dodged            |   142 |    46 ||   188
